 Dungeon Crawl Stone Soup version 0.29-a0-317-gd16b76e6b1 (webtiles) character file.

Game seed: 6010292363193632831

413 Ajdolov the Ruffian (level 6, -1/62 HPs)
             Began as a Troll Delver on Mar 31, 2022.
             Slain by a sky beast (6 damage)
             ... on level 5 of the Dungeon.
             The game lasted 00:00:51 (315 turns).

Ajdolov the Ruffian (Troll Delver)                   Turns: 315, Time: 00:00:52

Health: -1/62      AC:  4    Str: 23    XL:     6   Next: 59%
Magic:  5/5        EV:  9    Int:  6    God:
Gold:   84         SH:  0    Dex: 11    Spells: 5/5 levels left

rFire   . . .      SeeInvis .     - Unarmed
rCold   . . .      Faith    .   (no shield)
rNeg    . . .      Spirit   .   a - +0 robe
rPois   .          Reflect  .   (helmet restricted)
rElec   .          Harm     .   (no cloak)
rCorr   .          Rampage  .   (gloves unavailable)
Will    .....                   (boots unavailable)
Stlth   ++........              (no amulet)
HPRegen 1.00/turn               (no ring)
MPRegen 0.09/turn               (no ring)

@: hasted, very quick
A: large, unfitting armour, claws 3, regeneration 1, shaggy fur 1, tough skin 1
a: no special abilities


You were on level 5 of the Dungeon.
You visited 1 branch of the dungeon, and saw 1 of its levels.

You collected 84 gold pieces.

Inventory:

Armour
 a - a +0 robe (worn)
Jewellery
 i - a ring of wizardry
Wands
 f - a wand of digging (3)
Scrolls
 b - a scroll of fog
 c - a scroll of magic mapping
 d - a scroll of fear
 g - a scroll of teleportation {unknown}
 k - a scroll of acquirement {unknown}
Potions
 h - a potion of berserk rage {unknown}
 j - 2 potions of flight {unknown}


   Skills:
 + Level 4.0 Fighting
 - Level 1.5 Dodging
 - Level 2.7 Stealth
 * Level 5.9 Unarmed Combat


You had 5 spell levels left.
You didn't know any spells.
Your spell library was empty.

Dungeon Overview and Level Annotations

Branches:
Dungeon (5/15)
 Temple: D:4-7

Altars:


Innate Abilities, Weirdness & Mutations

You are too large for most types of armour.
You have claws for hands.
Your natural rate of healing is unusually fast.
You are covered in fur. (AC +1)
You have tough skin. (AC +1)


Message History

The white imp barely misses you.
You claw the scorpion!
You kill the scorpion!
The white imp hits you but does no damage.
Your Fighting skill increases to level 4!
Unknown command.
The white imp attacks as you move away!
The white imp hits you but does no damage.
You see here a scorpion corpse.
The white imp hits you but does no damage.
The sky beast flickers out of sight!
Deactivating autopickup; reactivate with Ctrl-A.
The white imp gestures at you. The puff of frost hits you!
You completely miss the white imp. The white imp hits you.
The white imp freezes you.
* * * LOW HITPOINT WARNING * * *
You barely miss the white imp.
You scratch the white imp but do no damage.
The white imp gestures at you. The puff of frost hits you.
* * * LOW HITPOINT WARNING * * *
You claw the white imp!
You kill the white imp!
The adder closely misses you.
You claw the adder!
You kill the adder!
You closely miss something. Something hits you but does no damage.
You barely miss something. You claw something!
Something hits you but does no damage.
You miss something. Something hits you. Something shocks you.
* * * LOW HITPOINT WARNING * * *
You claw something! Something hits you.
* * * LOW HITPOINT WARNING * * *
Something shocks you.
* * * LOW HITPOINT WARNING * * *
You feel yourself speed up. Something hits you.
* * * LOW HITPOINT WARNING * * *
Something shocks you.
You die...

.# .# .#
########### .#
........#.##.####.#
.######.)#)).......
.# #.#.##......# .#
#.#.##########.# ##
#.....≈.5{@....#
###.#...###..###
####''####.#
#≈≈≈..≈≈≈#.#
#≈.[..S.{# #
#≈.8##8.≈# +..#
#..+ +.. ..+ #≈?
.≈#


You could see a shadow imp.

Vanquished Creatures
  A scorpion (D:5)
  5 wights (D:5)
  2 iguanas (D:5)
  3 gnolls (D:5)
  2 adders (D:5)
  A white imp (D:5)
14 creatures vanquished.

Notes
Turn   | Place    | Note
-------+----------+-------------------------------------------
     0 | D:5      | Ajdolov the Troll Delver began the quest for the Orb.
     0 | D:5      | Reached XP level 1. HP: 22/22 MP: 0/0
    19 | D:5      | Reached XP level 2. HP: 29/29 MP: 1/1
    24 | D:5      | Reached skill level 3 in Unarmed Combat
    24 | D:5      | Reached XP level 3. HP: 30/36 MP: 2/2
   106 | D:5      | Reached XP level 4. HP: 32/45 MP: 3/3
   222 | D:5      | Reached skill level 4 in Unarmed Combat
   222 | D:5      | Reached XP level 5. HP: 42/53 MP: 4/4
   242 | D:5      | Reached skill level 5 in Unarmed Combat
   245 | D:5      | Reached XP level 6. HP: 43/62 MP: 5/5
   290 | D:5      | Noticed a sky beast
   315 | D:5      | Slain by a sky beast

Illustrated notes

Levels and vault maps discovered:
D:5:      layout_loops_ring, kennysheep_generic_room_6, uniq_crazy_yiuf_cottage

Skill      XL: |  1  2  3  4  5  6 |
---------------+-------------------+-----
Unarmed Combat | 3 4 5 |  5.9
Fighting       | 3 4 |  4.0
Dodging        | |  1.5
Stealth        | |  2.7

Action                   |  1- 3 |  4- 6 || total
-------------------------+-------+-------++-------
Melee: Unarmed           |    13 |    33 ||    46
       Punch             |     1 |     3 ||     4
  Use: Potion            |       |     1 ||     1
Armor: Robe              |     1 |     7 ||     8
Dodge: Dodged            |     4 |    12 ||    16

Table legend: (Time is in decaauts)
 A = Elapsed time spent in this place.
 B = Non-inter-level travel time spent in this place.
 C = Inter-level travel time spent in this place.
 D = Time resting spent in this place.
 E = Time spent auto-exploring this place.
 F = Levels seen in this place.
 G = Mean time per level.
                   A        B        C        D        E       F      G
               +--------+--------+--------+--------+--------+-----+--------+
         Total |    311 |    311 |      0 |     32 |    186 |   1 |  311.0 |
       Dungeon |    311 |    311 |      0 |     32 |    186 |   1 |  311.0 |
               +--------+--------+--------+--------+--------+-----+--------+

Top non-repeatable levels by time:
     D:5: 311 daAuts
